 Dungeon Crawl Stone Soup version 0.29-a0-982-gaed3a0c8d8 (webtiles) character file.

Game seed: 12210873367646195337

29 manyhoops the Insei (level 2, -4/34 HPs)
             Began as a Demigod Transmuter on Aug 1, 2022.
             Frozen to death by an endoplasm (5 damage)
             ... on level 1 of the Dungeon.
             The game lasted 00:01:27 (1734 turns).

manyhoops the Insei (Demigod Transmuter)            Turns: 1734, Time: 00:01:28

Health: -4/34      AC: 21    Str: 11    XL:     2   Next: 81%
Magic:  6/7        EV:  2    Int: 15    God:
Gold:   50         SH:  3    Dex: 14    Spells: 3/4 levels left

rFire   . . .      SeeInvis .     - Unarmed
rCold   . . .      Faith    .   e - +0 buckler
rNeg    . . .      Spirit   .   (body armour currently unavailable)
rPois   +          Reflect  .   (helmet currently unavailable)
rElec   .          Harm     .   (cloak currently unavailable)
rCorr   .          Rampage  .   (gloves currently unavailable)
Will    .....      NoTele   +   (boots currently unavailable)
Stlth   +.........              (no amulet)
HPRegen 0.11/turn               (no ring)
MPRegen 0.10/turn               (no ring)

@: tree-form
A: stationary, stasis, torment immunity, boosted hp, high MP 1, forlorn, divine
attributes
a: no special abilities


You were on level 1 of the Dungeon.
You were a tree.
You visited 1 branch of the dungeon, and saw 2 of its levels.

You collected 50 gold pieces.

Inventory:

Armour
 a - a +0 robe (melded)
 e - a +0 buckler (worn)
Scrolls
 c - 2 scrolls of identify


   Skills:
 * Level 1.3 Fighting
 - Level 1.7 Dodging
 * Level 3.6 Unarmed Combat
 - Level 1.7 Spellcasting
 - Level 1.7 Transmutations


You had 3 spell levels left.
You knew the following spells:

 Your Spells              Type           Power      Damage    Failure   Level
a - Beastly Appendage     Tmut           12%        N/A       16%         1

Your spell library contained the following spells:

 Spells                   Type           Power      Damage    Failure   Level
 Wereblood                Tmut           6%         N/A       22%         2
 Spider Form              Tmut/Pois      3%         N/A       54%         3
 Gell's Gravitas          Tloc           1%         N/A       67%         3
 Lesser Beckoning         Tloc           1%         N/A       67%         3
 Ozocubu's Armour         Ice            1%         N/A       67%         3
 Teleport Other           Tloc           1%         N/A       67%         3
 Ice Form                 Ice/Tmut       3%         N/A       91%         4
 Ozocubu's Refrigeration  Ice            0%         4d7       100%        7


Dungeon Overview and Level Annotations

Branches:
Dungeon (2/15)


Innate Abilities, Weirdness & Mutations

You are a tree.
Your roots penetrate the ground, keeping you stationary.
You cannot be teleported.
You are immune to unholy pain and torment.
Your maximum health is greatly increased.
Your equipment is partially melded.
You have an increased reservoir of magic. (+10% MP)
You shall have no god before yourself.
Your divine heritage dramatically boosts your attributes as you level up.


Message History

There is a stone staircase leading down here.
You climb downwards.
The adder hisses angrily.
The adder bites you.
You are poisoned.
The adder poisons you! The adder closely misses you. The endoplasm hits you.
There is a stone staircase leading up here.
Unknown command.
You feel sick. The adder barely misses you. The endoplasm freezes you.
You are frozen.
The adder barely misses you.
You climb upwards.
You feel sick.
There is a stone staircase leading down here.
Casting: Beastly Appendage (safe; 16% risk of failure)
Confirm with . or Enter, or press ? or * to list all spells.
You grow a pair of large bovine horns.
Your feet morph into talons.
You feel sick. The endoplasm freezes you.
You are frozen.
The adder bites you.
Unknown command.
You hit the adder. You headbutt the adder.
The adder is heavily wounded.
Your transformation is almost over.
You feel sick. The adder misses you. The endoplasm barely misses you.
You barely miss the adder. Your kick misses the adder.
The adder is heavily wounded.
You feel sick.
You are no longer poisoned.
The adder bites you.
* * * LOW HITPOINT WARNING * * *
The endoplasm freezes you.
You are frozen.
* * * LOW HITPOINT WARNING * * *
Really quaff the potion of lignification?
Your horns disappear.
Your talons disappear.
You turn into a tree.
Your +0 robe melds into your body.
Your roots penetrate the ground.
The adder bites you but does no damage. The endoplasm freezes you.
You are frozen.
You die...

............#....#)####..##..#.#
###..##.#...#....#.###..###.##.#
#..##.#...#.#..#.##..## #..#.##
###.....#.............## #).....
.##..................## #.####.
.##..##.##....#.......## #......
.....##.##.........##..##
#.##.##
...............)....##..###.##.#
..#.###........J♣#..###..##....#
..#.###........S.#..#
##..#.#..##
.....###.#...#......# ##...#..##
.##..#
#.#...##..#..######..##.#.
.##..#
#.#..###..#.......##......
.....###.#..#
#..#..###..##..##..
.###.......##
#..........##.##..# .#
##.##.#.#####.........##....##
## #.##.#.##.####..###..########


You could see an adder and an endoplasm.

Vanquished Creatures
  3 dart slugs (D:1)
  3 bats (D:1)
  A giant cockroach (D:1)
  4 goblins (D:1)
  A hobgoblin (D:1)
  3 jackals (D:1)
  A kobold (D:1)
  2 ball pythons (D:1)
  2 frilled lizards (D:1)
  2 rats (D:1)
22 creatures vanquished.

Notes
Turn   | Place    | Note
-------+----------+-------------------------------------------
     0 | D:1      | manyhoops the Demigod Transmuter began the quest for the
                  | Orb.
     0 | D:1      | Reached XP level 1. HP: 15/15 MP: 5/5
   124 | D:1      | Reached skill level 1 in Fighting
   278 | D:1      | Reached skill level 3 in Unarmed Combat
   614 | D:1      | Reached XP level 2. HP: 17/23 MP: 5/7
  1733 | D:1      | HP: 1/23 [frozen (4)]
  1734 | D:1      | Frozen to death by an endoplasm

Illustrated notes

Levels and vault maps discovered:
D:1:      dpeg_chamrin_arrival_tetris, layout_basic,
          shapermc_ecumenical_altar_mp_highgroup
D:2:      layout_basic, minmay_close_crescents, uniq_robin

Skill      XL: |  1 |
---------------+----+-----
Fighting       | 1 |  1.3
Unarmed Combat | 3 |  3.6
Dodging        | |  1.7
Spellcasting   | |  1.7
Transmutations | |  1.7

Action                   || total
-------------------------++-------
Melee: Unarmed           ||    83
       Kick              ||     8
       Headbutt          ||     5
       Punch             ||     3
 Cast: Beastly Appendage ||    11
  Use: Scroll            ||     1
       Potion            ||     1
 Stab: Sleeping          ||     1
Armor: Robe              ||    18
       Skin              ||     1
Dodge: Dodged            ||    79
Block: Buckler           ||     3

Table legend: (Time is in decaauts)
 A = Elapsed time spent in this place.
 B = Non-inter-level travel time spent in this place.
 C = Inter-level travel time spent in this place.
 D = Time resting spent in this place.
 E = Time spent auto-exploring this place.
 F = Levels seen in this place.
 G = Mean time per level.
                   A        B        C        D        E       F      G
               +--------+--------+--------+--------+--------+-----+--------+
         Total |   1731 |   1703 |     28 |      0 |   1505 |   2 |  865.5 |
       Dungeon |   1731 |   1703 |     28 |      0 |   1505 |   2 |  865.5 |
               +--------+--------+--------+--------+--------+-----+--------+

Top non-repeatable levels by time:
     D:1: 1727 daAuts
     D:2: 4 daAuts
